[Event "WSTCC-50 2024"]
[Site "Krakow"]
[Date "2024.07.04"]
[Round "3.17"]
[White "Dahl, Fredrik A"]
[Black "Tsiganova, Monika"]
[Result "1-0"]
[ECO "D78"]
[WhiteElo "2237"]
[BlackElo "1999"]
[Annotator "TA"]
[PlyCount "97"]
[EventDate "2024.07.01"]
[EventType "team-tourn"]
[EventCountry "POL"]
[SourceTitle "playchess.com"]
[Source "ChessBase"]
[SourceQuality "1"]
[TimeControl "40/5400+30:1800+30"]

1. d4 Nf6 2. Nf3 g6 3. g3 Bg7 4. Bg2 O-O 5. O-O d5 6. c4 c6 7. b3 a5 8. Nc3 Bf5 9. Bb2 Ne4 10. e3 Nd7 11. Qe2 Nxc3 12. Bxc3 Be4 {[%emt 0:00:44] Die Stellung ist ausgeglichen.} 13. Rfc1 e6 14. Bf1 Bxf3 15. Qxf3 f5 16. cxd5 exd5 17. b4 axb4 18. Bxb4 Re8 19. a4 Nf6 20. a5 Ne4 21. Rab1 Qd7 22. Be1 Ng5 23. Qd1 Re7 {[%emt 0:10:02] Weiß überlässt nun nichts mehr dem Zufall.} ({Besser ist} 23... Bf6 $14) 24. h4 $16 Ne4 25. Rb6 Qc7 26. Qb3 Bh6 27. a6 bxa6 (27... Ra7 28. Kg2 (28. axb7 Rxb7 29. Rxb7 Qxb7 $16) 28... Rf7) 28. Rbxc6 $18 ({Finger weg von} 28. Rcxc6 Qd7 $18) 28... Qd8 29. Bxa6 {[%emt 0:01:20] Droht stark Rc8.} ({Weniger gut wäre} 29. Rxa6 Rb8 30. Qa2 Reb7 $18) 29... Kg7 30. Rc8 Rxc8 31. Rxc8 Qd7 (31... Qd6 $142) 32. Rb8 (32. Bb4 $142 Rf7 33. Qa3) 32... Nf6 $2 (32... Qc6) 33. Bb4 {[%emt 0:00:59] Weiß steht klar auf Gewinn.} Rf7 {[%emt 0:00:29] [#]} 34. Bf8+ $1 Rxf8 35. Rb7 Rf7 36. Rxd7 Rxd7 37. Bc8 Re7 38. Bb7 Rd7 39. Bc6 Rd6 40. Qb8 Re6 41. Qb7+ Kg8 42. Bxd5 Nxd5 43. Qxd5 {[%emt 0:00:06][%mdl 4096] Endspiel. KQ-KRB} Kf7 44. Qb7+ Re7 45. Qb3+ Kf6 46. Qg8 Rd7 47. Qh8+ Ke6 48. Kg2 Kd6 {[%emt 0:00:00] [#]} 49. h5 $1 {[%emt 0:00:00] Gewichteter Fehlerwert: Weiß=0.18 (sehr präzise) /Schwarz=0.38.  Fehler:       	Weiß=1     	Schwarz=4     Ungenau:       	---       	Schwarz=1     OK:         	Weiß=15    	Schwarz=10    Bester:       	Weiß=2     	Schwarz=1} 1-0

[Event "WSTCC-50 2024"]
[Site "Krakow"]
[Date "2024.07.04"]
[Round "3.17"]
[White "Mertens, Marc"]
[Black "Mitchell, Martin"]
[Result "0-1"]
[ECO "B07"]
[WhiteElo "2142"]
[BlackElo "2159"]
[Annotator "RC"]
[PlyCount "50"]
[EventDate "2024.07.01"]
[EventType "team-tourn"]
[EventCountry "POL"]
[SourceTitle "playchess.com"]
[Source "ChessBase"]
[SourceQuality "1"]
[TimeControl "40/5400+30:1800+30"]

1. e4 d6 2. d4 Nf6 3. Nc3 g6 4. Be3 c6 5. h3 Nbd7 6. f4 d5 7. e5 Ne4 8. Bd3 Ng3 9. Rh2 f5 10. exf6 Nxf6 11. Qf3 Nf5 12. g4 Nd6 13. Nge2 Be6 14. Ng3 Bg7 15. O-O-O Qa5 16. Re2 Nc4 17. Bd2 Nxd2 18. Rdxd2 Bd7 19. f5 Bh6 20. fxg6 O-O-O 21. Rxe7 Ne4 22. Ngxe4 dxe4 23. Bxe4 Qg5 24. Qd3 Qxe7 25. Nb1 Bf8 0-1

[Event "WSTCC-50 2024"]
[Site "Krakow"]
[Date "2024.07.04"]
[Round "3.18"]
[White "Hulme, William"]
[Black "Haensel, Jean-Marie"]
[Result "1-0"]
[ECO "A96"]
[WhiteElo "1941"]
[BlackElo "1868"]
[Annotator "NA RC"]
[PlyCount "107"]
[EventDate "2024.07.01"]
[EventType "team-tourn"]
[EventCountry "POL"]
[SourceTitle "playchess.com"]
[Source "ChessBase"]
[SourceQuality "1"]
[TimeControl "40/5400+30:1800+30"]

1. d4 e6 2. c4 f5 3. Nf3 Nf6 4. g3 Be7 5. Bg2 d6 6. O-O O-O 7. Nc3 Ne4 8. Nxe4 fxe4 9. Ne1 d5 10. Be3 Nc6 11. Rc1 Bd7 12. cxd5 exd5 13. Qb3 Be8 14. Bxe4 Bf7 15. Bg2 Na5 16. Qc3 c6 17. Nf3 Bh5 18. Bf4 Nc4 19. Rfe1 a5 20. a3 Qb6 21. Ne5 Nxe5 22. Bxe5 Bg6 23. e4 dxe4 24. Bxe4 Bxe4 25. Rxe4 Bf6 26. Rce1 h6 27. R1e2 Qb5 28. Bxf6 Rxf6 29. Re5 Qb6 30. Qc4+ Kh7 31. Qd3+ Kg8 32. Qc4+ Kh7 33. Qc5 Qb3 34. Re7 Qd1+ 35. Kg2 Qb3 36. Qc2+ Qxc2 37. Rxc2 b5 38. Rc7 Rd8 39. R7xc6 Rxd4 40. Rxf6 gxf6 41. Rc5 b4 42. Rxa5 bxa3 43. bxa3 Rd3 44. a4 Ra3 45. g4 Kg6 46. h4 Kg7 47. f3 Ra2+ 48. Kg3 Ra1 49. Ra7+ Kg8 50. h5 Ra3 51. Kf4 Rb3 52. Ke4 Ra3 53. f4 Ra1 54. Kf5 1-0

[Event "WSTCC-50 2024"]
[Site "Krakow"]
[Date "2024.07.04"]
[Round "3.18"]
[White "Narva, Regina"]
[Black "Berg, Anders Hoyer"]
[Result "1/2-1/2"]
[ECO "C44"]
[WhiteElo "1921"]
[BlackElo "2079"]
[Annotator "NA RC"]
[PlyCount "53"]
[EventDate "2024.07.01"]
[EventType "team-tourn"]
[EventCountry "POL"]
[SourceTitle "playchess.com"]
[Source "ChessBase"]
[SourceQuality "1"]
[TimeControl "40/5400+30:1800+30"]

1. e4 e5 2. Nf3 Nc6 3. c3 d5 4. Bd3 Nf6 5. Qc2 dxe4 6. Bxe4 Nxe4 7. Qxe4 f5 8. Qe3 Bd6 9. Nxe5 Nxe5 10. d4 O-O 11. dxe5 Bxe5 12. O-O Re8 13. Qf3 c6 14. Bf4 Bf6 15. Be3 Be6 16. Nd2 g6 17. Nb3 Qc7 18. Bd4 Bd5 19. Qh3 Bxd4 20. Nxd4 c5 21. Nc2 Re2 22. Qd3 Re5 23. f4 Be4 24. Qc4+ Bd5 25. Qd3 Be4 26. Qc4+ Bd5 27. Qd3 1/2-1/2

[Event "WSTCC-50 2024"]
[Site "Krakow"]
[Date "2024.07.04"]
[Round "3.19"]
[White "Harstad, Christian"]
[Black "Fomina, Tatyana"]
[Result "1/2-1/2"]
[ECO "D07"]
[WhiteElo "1917"]
[BlackElo "2192"]
[Annotator "RC"]
[PlyCount "99"]
[EventDate "2024.07.01"]
[EventType "team-tourn"]
[EventCountry "POL"]
[SourceTitle "playchess.com"]
[Source "ChessBase"]
[SourceQuality "1"]
[TimeControl "40/5400+30:1800+30"]

1. d4 d5 2. c4 Nc6 3. cxd5 Qxd5 4. e3 e5 5. Nc3 Bb4 6. Bd2 Bxc3 7. Bxc3 exd4 8. Ne2 Nf6 9. Nxd4 O-O 10. Be2 Nxd4 11. Qxd4 c5 12. Qh4 Qe6 13. Bd3 h6 14. O-O Bd7 15. Bc4 Qe7 16. Bxf6 Qxf6 17. Qxf6 gxf6 18. Rfd1 Rfd8 19. Bd5 Be6 20. e4 Rab8 21. Rd2 Kf8 22. Kf1 Ke7 23. Rad1 b5 24. Ke2 c4 25. Ke3 a5 26. Rd4 a4 27. a3 Bxd5 28. exd5 Kd6 29. Rf4 Kc5 30. Rxf6 Rxd5 31. Rxd5+ Kxd5 32. Kd2 b4 33. axb4 Rxb4 34. Kc2 a3 35. bxa3 Ra4 36. Rf3 Kd4 37. g3 Ra6 38. Re3 Rf6 39. Re2 Rf3 40. Rd2+ Kc5 41. Re2 Rxa3 42. Re5+ Kd4 43. Rf5 Ra2+ 44. Kc1 Ra1+ 45. Kb2 Ra7 46. Kc2 Ra2+ 47. Kb1 Ra7 48. Kc2 Ra2+ 49. Kb1 Ra7 50. Kc2 1/2-1/2

[Event "WSTCC-50 2024"]
[Site "Krakow"]
[Date "2024.07.04"]
[Round "3.19"]
[White "Kohnen, Marc"]
[Black "Dawson, Alastair"]
[Result "0-1"]
[ECO "B12"]
[WhiteElo "1837"]
[BlackElo "1850"]
[Annotator "NA RC"]
[PlyCount "68"]
[EventDate "2024.07.01"]
[EventType "team-tourn"]
[EventCountry "POL"]
[SourceTitle "playchess.com"]
[Source "ChessBase"]
[SourceQuality "1"]
[TimeControl "40/5400+30:1800+30"]

1. e4 c6 2. d4 d5 3. e5 c5 4. c3 Nc6 5. Nf3 e6 6. Bd3 Bd7 7. O-O Rc8 8. Nbd2 cxd4 9. cxd4 Qb6 10. Nb3 a5 11. a4 Nb4 12. Bb1 Qc7 13. Ng5 b6 14. Nxf7 Kxf7 15. Qh5+ g6 16. Bxg6+ hxg6 17. Qxh8 Nc2 18. Rb1 Bxa4 19. Nd2 Nxd4 20. Nf3 Nxf3+ 21. gxf3 Bg7 22. Qh4 Bc2 23. Qf4+ Bf5 24. Re1 Bh6 25. Qh4 Bg7 26. Qf4 Ke8 27. Ra1 Qe7 28. Bd2 Rc4 29. Qe3 Bh6 30. Qe2 Rc2 31. Qb5+ Qd7 32. Qxd7+ Kxd7 33. Be3 Rxb2 34. Rab1 Rxb1 0-1

[Event "WSTCC-50 2024"]
[Site "Krakow"]
[Date "2024.07.04"]
[Round "3.20"]
[White "Korge, Kersti"]
[Black "Johnsen, Sylvia"]
[Result "0-1"]
[ECO "A00"]
[WhiteElo "1859"]
[BlackElo "1878"]
[Annotator "NA RC"]
[PlyCount "56"]
[EventDate "2024.07.01"]
[EventType "team-tourn"]
[EventCountry "POL"]
[SourceTitle "playchess.com"]
[Source "ChessBase"]
[SourceQuality "1"]
[TimeControl "40/5400+30:1800+30"]

1. b4 e5 2. Bb2 d6 3. e3 Nf6 4. Nf3 Be7 5. Be2 Be6 6. c4 O-O 7. O-O a5 8. b5 a4 9. a3 c5 10. Nc3 Qa5 11. Qc2 Nbd7 12. Ng5 Nb6 13. Nxe6 fxe6 14. Ne4 Nxe4 15. Qxe4 Qxd2 16. Bd3 g6 17. Rab1 Rab8 18. f4 Rf5 19. Rf2 Qa5 20. Qf3 Rf6 21. Qg4 Rbf8 22. Rbf1 Kg7 23. fxe5 Rxf2 24. Rxf2 Qe1+ 25. Rf1 Qxe3+ 26. Kh1 Qxd3 27. exd6+ Bf6 28. Rd1 Bxb2 0-1

[Event "WSTCC-50 2024"]
[Site "Krakow"]
[Date "2024.07.04"]
[Round "3.20"]
[White "Aird, Ian"]
[Black "Kayser, Pierrot"]
[Result "1/2-1/2"]
[ECO "C00"]
[WhiteElo "1840"]
[BlackElo "1764"]
[Annotator "NA RC"]
[PlyCount "67"]
[EventDate "2024.07.01"]
[EventType "team-tourn"]
[EventCountry "POL"]
[SourceTitle "playchess.com"]
[Source "ChessBase"]
[SourceQuality "1"]
[TimeControl "40/5400+30:1800+30"]

1. e4 e6 2. d3 c5 3. Nf3 d6 4. g3 Nc6 5. Bg2 Nf6 6. O-O Be7 7. Re1 e5 8. c3 O-O 9. h3 Ne8 10. d4 cxd4 11. cxd4 exd4 12. Nxd4 Nxd4 13. Qxd4 Bf6 14. Qd3 Qb6 15. Nc3 Be5 16. Rb1 Be6 17. Be3 Qd8 18. Bd4 Qd7 19. Kh2 Nc7 20. Red1 Rfd8 21. Qe2 Qe8 22. Rd2 a6 23. a4 b5 24. Bb6 Rd7 25. Bxc7 Bc4 26. Qg4 Rxc7 27. axb5 axb5 28. f4 Bxc3 29. bxc3 Rd8 30. Rd4 Qe6 31. e5 Qxg4 32. hxg4 d5 33. Rbd1 Rcd7 34. R1d2 1/2-1/2

[Event "WSTCC-50 2024"]
[Site "Krakow"]
[Date "2024.07.04"]
[Round "3.21"]
[White "Bouah, Lyndon"]
[Black "Homer, Stephen J"]
[Result "1-0"]
[ECO "D20"]
[WhiteElo "1996"]
[BlackElo "2019"]
[Annotator "NA"]
[PlyCount "59"]
[EventDate "2024.07.01"]
[EventType "team-tourn"]
[EventCountry "POL"]
[SourceTitle "playchess.com"]
[Source "ChessBase"]
[SourceQuality "1"]
[TimeControl "40/5400+30:1800+30"]

1. d4 d5 2. c4 dxc4 3. e3 b5 4. a4 b4 5. Qf3 c6 6. Bxc4 Nf6 7. Ne2 Bg4 8. Qg3 Qd6 9. f3 Qxg3+ 10. hxg3 Bc8 11. e4 e6 12. g4 Ba6 13. Nd2 Bxc4 14. Nxc4 Na6 15. Ne5 c5 16. Be3 cxd4 17. Nxd4 Bc5 18. Ke2 Rc8 19. Rac1 Nd7 20. Nxd7 Kxd7 21. Rhd1 Ke7 22. Nb5 Bxe3 23. Kxe3 b3 24. Nxa7 Rc2 25. Nc6+ Kf6 26. Rxc2 bxc2 27. Rc1 h5 28. gxh5 Rc8 29. Rxc2 Kg5 30. b4 1-0

[Event "WSTCC-50 2024"]
[Site "Krakow"]
[Date "2024.07.04"]
[Round "3.21"]
[White "Osiecki, Stanislaw"]
[Black "Westphal, Wolfgang"]
[Result "1/2-1/2"]
[ECO "A11"]
[WhiteElo "1986"]
[BlackElo "2172"]
[Annotator "RC"]
[PlyCount "77"]
[EventDate "2024.07.01"]
[EventType "team-tourn"]
[EventCountry "POL"]
[SourceTitle "playchess.com"]
[Source "ChessBase"]
[SourceQuality "1"]
[TimeControl "40/5400+30:1800+30"]

1. e4 a6 2. d4 d5 3. e5 c5 4. dxc5 Nc6 5. Nf3 Bg4 6. Be2 e6 7. Bf4 Bxc5 8. O-O Nge7 9. Bd3 Ng6 10. Bxg6 hxg6 11. h3 Bxf3 12. Qxf3 Bd4 13. Qb3 Qc7 14. Re1 Rc8 15. Nc3 O-O 16. Nd1 Bxe5 17. Bxe5 Nxe5 18. Qg3 Nd7 19. Qb3 b5 20. c3 Nb6 21. Ne3 Rfd8 22. Rad1 Qc5 23. Rd4 Nc4 24. Ng4 Nd6 25. Ne5 Nf5 26. Rg4 Rc7 27. Nf3 Qb6 28. Ne5 Qd6 29. Qd1 d4 30. cxd4 Nxd4 31. Re3 Rcc8 32. Rh4 Rc7 33. Rxd4 Qxd4 34. Rd3 Qxe5 35. Rxd8+ Kh7 36. g3 Qxb2 37. Rh8+ Kxh8 38. Qd8+ Kh7 39. Qh4+ 1/2-1/2

[Event "WSTCC-50 2024"]
[Site "Krakow"]
[Date "2024.07.04"]
[Round "3.22"]
[White "Dettmann, Gerd"]
[Black "Sielicki, Tomasz"]
[Result "1-0"]
[ECO "C54"]
[WhiteElo "2121"]
[BlackElo "2017"]
[Annotator "RC"]
[PlyCount "135"]
[EventDate "2024.07.01"]
[EventType "team-tourn"]
[EventCountry "POL"]
[SourceTitle "playchess.com"]
[Source "ChessBase"]
[SourceQuality "1"]
[TimeControl "40/5400+30:1800+30"]

1. e4 e5 2. Nf3 Nc6 3. Bc4 Bc5 4. c3 Nf6 5. d4 exd4 6. e5 d5 7. Bb5 Ne4 8. cxd4 Bb6 9. O-O O-O 10. Be3 Bg4 11. Be2 f5 12. exf6 Qxf6 13. Nc3 Rad8 14. Qb3 Nxc3 15. bxc3 Qg6 16. Kh1 Qh5 17. Qd1 Na5 18. Re1 Nc4 19. Nd2 Nxe3 20. fxe3 Bxe2 21. Qxe2 Qxe2 22. Rxe2 c5 23. Rb1 cxd4 24. cxd4 Rc8 25. Nf3 Rc3 26. Kg1 Rfc8 27. Kf2 Rc2 28. Rb2 Rxe2+ 29. Kxe2 Rc3 30. Ne5 Rc7 31. Kd3 Ba5 32. Rb5 Rc3+ 33. Ke2 Rc2+ 34. Kf3 Bc7 35. Rxd5 Bxe5 36. dxe5 Rxa2 37. Rd8+ Kf7 38. Rd7+ Ke6 39. Rxb7 g5 40. Rxh7 Kxe5 41. Re7+ Kf6 42. Rc7 a5 43. Rc6+ Kf7 44. h3 a4 45. g3 a3 46. Ra6 Ra1 47. Kg4 a2 48. e4 Ke7 49. Kxg5 Rg1 50. Rxa2 Rxg3+ 51. Kh4 Rg1 52. Kh5 Kf6 53. h4 Rg3 54. Ra5 Re3 55. Rf5+ Ke6 56. Rf4 Ke5 57. Rg4 Rf3 58. Kg6 Ke6 59. h5 Rf6+ 60. Kg5 Rf8 61. h6 Rg8+ 62. Kh5 Rh8 63. Rg7 Kf6 64. Ra7 Rg8 65. h7 Re8 66. Kh6 Rf8 67. Rg7 Ke6 68. Rg8 1-0

[Event "WSTCC-50 2024"]
[Site "Krakow"]
[Date "2024.07.04"]
[Round "3.22"]
[White "Rasalingam, Haran"]
[Black "Bhawoodien, Shabir Hussain"]
[Result "0-1"]
[ECO "C28"]
[WhiteElo "1944"]
[BlackElo "1990"]
[Annotator "NA RC"]
[PlyCount "94"]
[EventDate "2024.07.01"]
[EventType "team-tourn"]
[EventCountry "POL"]
[SourceTitle "playchess.com"]
[Source "ChessBase"]
[SourceQuality "1"]
[TimeControl "40/5400+30:1800+30"]

1. e4 e5 2. Bc4 Nc6 3. Nc3 Nf6 4. d3 Bb4 5. Nf3 d5 6. exd5 Nxd5 7. O-O Nxc3 8. bxc3 Bxc3 9. Ng5 f6 10. Nf7 Qe7 11. Nxh8 Bxa1 12. Qh5+ g6 13. Nxg6 hxg6 14. Qxg6+ Kd8 15. Qg8+ Kd7 16. Bh6 Qe8 17. Qxe8+ Kxe8 18. Rxa1 Nd4 19. Bb3 a5 20. f4 a4 21. Bd5 c6 22. Be4 f5 23. Bf3 Nxc2 24. Rc1 Nb4 25. Bh5+ Ke7 26. fxe5 Nxa2 27. Ra1 Nb4 28. Be2 Be6 29. Be3 Nd5 30. Bc5+ Kd7 31. d4 b5 32. Ra3 b4 33. Rh3 Bg8 34. Rg3 Bf7 35. Bd3 Ke6 36. Rg5 Ne3 37. Bxb4 a3 38. Kf2 a2 39. Kxe3 a1=Q 40. Bc4+ Kd7 41. Bxf7 Qg1+ 42. Kd3 Qd1+ 43. Ke3 Qg1+ 44. Kf3 Qxd4 45. e6+ Kc7 46. Be1 Qe4+ 47. Kf2 Ra2+ 0-1

[Event "WSTCC-50 2024"]
[Site "Krakow"]
[Date "2024.07.04"]
[Round "3.23"]
[White "Flis, Pawel"]
[Black "Dettmann, Holger"]
[Result "1-0"]
[ECO "B08"]
[WhiteElo "1980"]
[BlackElo "1965"]
[Annotator "NA RC"]
[PlyCount "85"]
[EventDate "2024.07.01"]
[EventType "team-tourn"]
[EventCountry "POL"]
[SourceTitle "playchess.com"]
[Source "ChessBase"]
[SourceQuality "1"]
[TimeControl "40/5400+30:1800+30"]

1. e4 g6 2. d4 Bg7 3. Nc3 d6 4. Nf3 Nf6 5. Be3 O-O 6. Qd2 c6 7. Bd3 b5 8. Bh6 a6 9. h4 Bxh6 10. Qxh6 Ng4 11. Qd2 h5 12. e5 dxe5 13. dxe5 c5 14. O-O-O Ra7 15. Qe2 Qa5 16. e6 f5 17. Qe1 Nc6 18. Ng5 Nd4 19. f3 Nf6 20. Qe5 b4 21. Nb1 Nc6 22. Qe1 Qxa2 23. g4 c4 24. Bf1 Rc7 25. gxf5 Na5 26. Qxb4 Nb3+ 27. cxb3 cxb3+ 28. Bc4 Bb7 29. Rd4 Bd5 30. Ne4 Nxe4 31. fxe4 a5 32. Qc3 Rfc8 33. exd5 a4 34. d6 exd6 35. e7+ Kh7 36. fxg6+ Kh6 37. g7 d5 38. Qe3+ Kh7 39. g8=Q+ Rxg8 40. e8=Q Rxe8 41. Qxe8 a3 42. Qxh5+ Kg8 43. Qxd5+ 1-0

[Event "WSTCC-50 2024"]
[Site "Krakow"]
[Date "2024.07.04"]
[Round "3.23"]
[White "Metcalfe, Allister"]
[Black "Wilson, Edgar"]
[Result "1-0"]
[ECO "A13"]
[WhiteElo "1889"]
[BlackElo "1912"]
[Annotator "NA RC"]
[PlyCount "81"]
[EventDate "2024.07.01"]
[EventType "team-tourn"]
[EventCountry "POL"]
[SourceTitle "playchess.com"]
[Source "ChessBase"]
[SourceQuality "1"]
[TimeControl "40/5400+30:1800+30"]

1. c4 e6 2. e4 d5 3. exd5 exd5 4. cxd5 Nf6 5. Nc3 Nxd5 6. Bc4 Be6 7. Qb3 Nb4 8. Bxe6 fxe6 9. Nf3 Nd3+ 10. Kf1 Nc5 11. Qc4 Qd3+ 12. Qxd3 Nxd3 13. Ke2 Nxc1+ 14. Raxc1 Nc6 15. d4 O-O-O 16. Rhd1 g6 17. Ne4 Bg7 18. Rc4 Rhe8 19. b4 e5 20. Rdc1 exd4 21. Kd3 Re7 22. b5 Ne5+ 23. Nxe5 Bxe5 24. g3 Bg7 25. a4 Rde8 26. Nd6+ Kd7 27. Nxe8 Kxe8 28. Rxc7 Be5 29. Rxe7+ Kxe7 30. f4 Bd6 31. Kxd4 Ke6 32. Ke4 h6 33. h3 g5 34. f5+ Kf6 35. g4 Bg3 36. Rc8 Bh2 37. Ra8 Bg1 38. Rb8 Bf2 39. Rxb7 Bg1 40. Rh7 a5 41. Rxh6+ 1-0

[Event "WSTCC-50 2024"]
[Site "Krakow"]
[Date "2024.07.04"]
[Round "3.24"]
[White "Van Bentum, Horst"]
[Black "Zielinski, Olgierd"]
[Result "1/2-1/2"]
[ECO "D02"]
[WhiteElo "1951"]
[BlackElo "1913"]
[Annotator "NA RC"]
[PlyCount "31"]
[EventDate "2024.07.01"]
[EventType "team-tourn"]
[EventCountry "POL"]
[SourceTitle "playchess.com"]
[Source "ChessBase"]
[SourceQuality "1"]
[TimeControl "40/5400+30:1800+30"]

1. d4 d5 2. Nf3 Bf5 3. c3 e6 4. Bf4 Bd6 5. Bg3 Nf6 6. e3 h6 7. Nbd2 O-O 8. Be2 c5 9. Ne5 Nc6 10. f4 Ne4 11. Nxe4 Bxe4 12. O-O Ne7 13. Bd3 Nf5 14. Bf2 Bxd3 15. Qxd3 c4 16. Qe2 1/2-1/2

[Event "WSTCC-50 2024"]
[Site "Krakow"]
[Date "2024.07.04"]
[Round "3.24"]
[White "De Winter, Kevin"]
[Black "Schutte, Andre"]
[Result "1/2-1/2"]
[ECO "B23"]
[WhiteElo "1803"]
[BlackElo "1817"]
[Annotator "NA RC"]
[PlyCount "63"]
[EventDate "2024.07.01"]
[EventType "team-tourn"]
[EventCountry "POL"]
[SourceTitle "playchess.com"]
[Source "ChessBase"]
[SourceQuality "1"]
[TimeControl "40/5400+30:1800+30"]

1. e4 c5 2. Nc3 Nc6 3. f4 e6 4. Bc4 a6 5. a4 Nge7 6. e5 Nf5 7. Nf3 d5 8. Be2 g6 9. O-O h5 10. d3 Nce7 11. Kh1 Bd7 12. Qe1 Bc6 13. Bd2 Ng8 14. Nd1 Ngh6 15. Ne3 Be7 16. Nxf5 Nxf5 17. Ng5 Qc7 18. Bd1 b6 19. c3 Qb7 20. Bf3 d4 21. Bxc6+ Qxc6 22. c4 Bxg5 23. fxg5 h4 24. Qe4 Qxe4 25. dxe4 Ne7 26. Rfd1 a5 27. Ra3 Nc6 28. Bf4 Ke7 29. Rf3 Rh7 30. Rdf1 Nb8 31. Rb3 Nd7 32. Rff3 1/2-1/2

[Event "WSTCC-50 2024"]
[Site "Krakow"]
[Date "2024.07.05"]
[Round "4.1"]
[White "David, Alberto"]
[Black "Ehlvest, Jaan"]
[Result "1/2-1/2"]
[ECO "D35"]
[WhiteElo "2502"]
[BlackElo "2528"]
[Annotator "TA"]
[PlyCount "26"]
[EventDate "2024.07.01"]
[EventType "team-tourn"]
[EventCountry "POL"]
[SourceTitle "playchess.com"]
[Source "ChessBase"]
[SourceQuality "1"]
[TimeControl "40/5400+30:1800+30"]

1. d4 d5 2. c4 e6 3. Nc3 Nf6 4. cxd5 exd5 5. Bg5 Be7 6. e3 O-O 7. Bd3 Re8 8. Nf3 h6 9. Bf4 c5 10. dxc5 Bxc5 11. O-O Nc6 12. Rc1 a6 13. h3 Ba7 {[%emt 0:04:12] An uneventful encounter.   Weighted Error Value: White=0.00 (flawless) /Black=0.01 (flawless) .  OK:         	White=5     	Black=3} 1/2-1/2

[Event "WSTCC-50 2024"]
[Site "Krakow"]
[Date "2024.07.05"]
[Round "4.1"]
[White "Lima, Darcy"]
[Black "Rogowski, Jaroslaw"]
[Result "1-0"]
[ECO "A15"]
[WhiteElo "2392"]
[BlackElo "2149"]
[Annotator "RC"]
[PlyCount "123"]
[EventDate "2024.07.01"]
[EventType "team-tourn"]
[EventCountry "POL"]
[SourceTitle "playchess.com"]
[Source "ChessBase"]
[SourceQuality "1"]
[TimeControl "40/5400+30:1800+30"]

1. c4 Nf6 2. g3 g6 3. Bg2 Bg7 4. Nc3 O-O 5. d4 d6 6. h3 Nbd7 7. Nf3 e5 8. O-O Re8 9. e4 exd4 10. Nxd4 Nc5 11. Re1 a5 12. Rb1 Bd7 13. Ndb5 Qc8 14. g4 Bc6 15. f3 Ne6 16. Be3 g5 17. Qd2 h6 18. Ne2 Nd7 19. b3 Ne5 20. Nbd4 Nxd4 21. Nxd4 Bd7 22. h4 f6 23. a4 Qd8 24. Rbd1 Qe7 25. Nf5 Qf7 26. h5 b6 27. Kh2 Bf8 28. Kh3 Kh7 29. Bd4 Rad8 30. Bc3 Be6 31. f4 Nd7 32. Rf1 Be7 33. Qc2 Bxf5 34. exf5 gxf4 35. Rde1 Ne5 36. Rxf4 Bf8 37. Bd5 Qd7 38. Rd1 c5 39. Re4 Kh8 40. Qg2 Re7 41. Qd2 Rde8 42. Be6 Qb7 43. Qf4 Qc7 44. Re2 Rh7 45. Red2 Be7 46. Rd5 Kg7 47. Kg3 Rhh8 48. Kf2 Rd8 49. Ke2 Rhf8 50. Rg1 Qb8 51. Kd1 Qc7 52. Kc2 Qb8 53. Rd2 Rh8 54. Rdg2 Kf8 55. Qe4 Qa8 56. Bd5 Qa7 57. Bd2 Rd7 58. Bf4 Ke8 59. Bxe5 fxe5 60. Bc6 Bg5 61. Rd1 Kd8 62. Bxd7 1-0

[Event "WSTCC-50 2024"]
[Site "Krakow"]
[Date "2024.07.05"]
[Round "4.1"]
[White "Krause, Ullrich"]
[Black "Dishman, Stephen"]
[Result "0-1"]
[ECO "A06"]
[WhiteElo "2171"]
[BlackElo "2308"]
[Annotator "TA"]
[PlyCount "74"]
[EventDate "2024.07.01"]
[EventType "team-tourn"]
[EventCountry "POL"]
[SourceTitle "playchess.com"]
[Source "ChessBase"]
[SourceQuality "1"]
[TimeControl "40/5400+30:1800+30"]

1. Nf3 d5 2. e3 Nf6 3. c4 e6 4. Nc3 a6 5. b3 c5 6. Bb2 Nc6 7. cxd5 exd5 8. d4 Bd6 9. Be2 O-O 10. O-O Re8 11. dxc5 Bxc5 12. Rc1 Ba7 13. Na4 Ne4 14. Nd4 Qg5 15. Nxc6 bxc6 16. Bd4 (16. Rxc6 Nxf2 17. Rxf2 Qxe3 $19) 16... Bh3 {[%emt 0:00:12] Black is slightly better.} 17. Bf3 Re6 $40 {[%emt 0:00:13][%mdl 128] Black attacks.} 18. Kh1 $2 {[%emt 0:02:47][%mdl 8192] [#]} ({Better is} 18. Rc2 $15) 18... Rg6 $1 $19 19. g3 (19. gxh3 $2 Qg1+ 20. Rxg1 Nxf2#) 19... Bxd4 20. Qxd4 Qf5 ({Don't take} 20... Bxf1 21. Bxe4 dxe4 22. Rxf1 $19) 21. Bxe4 dxe4 22. f4 Bxf1 23. Rxf1 Qd5 24. Qxd5 cxd5 {[%emt 0:00:04][%mdl 4096] Endgame. KRR-KRN} 25. Rd1 Rd8 26. Nc3 Rgd6 27. Rd4 f5 28. Kg2 $2 (28. Ne2) 28... Rc8 29. Nxd5 Kf7 {[%emt 0:00:28] Wards off Ne7} 30. g4 Rcd8 31. Nc3 Rxd4 32. exd4 Rxd4 33. gxf5 {[%emt 0:00:49] KR-KN} Kf6 34. Ne2 Rd2 35. Kf2 Kxf5 (35... Rxa2 $142 36. Ke3 Rxe2+ (36... Kxf5 $2 37. Nd4+ Kf6 38. h4 $19) 37. Kxe2 Kxf5 38. b4 Kxf4 39. h3 e3 40. Ke1 Kf3 41. Kf1 e2+ 42. Ke1 h6 43. Kd2 h5 (43... Kf2 {gets mated.} 44. Kd3 e1=Q 45. Kd4 Qxb4+ 46. Ke5 Qb6 47. Kd5 Ke3 48. h4 h5 49. Kc4 Qc6+ 50. Kb4 Kd2 51. Kb3 Qb5+ 52. Ka3 Kc2 53. Ka2 Qb2#) 44. h4 Kf2 45. Kc3 e1=Q+ (45... e1=B+ $2 46. Kd4 $19) 46. Kd4 Qxb4+ 47. Ke5 Ke3 (47... Qxh4 48. Kd6 Qc4 49. Kd7 h4 50. Kd8 h3 51. Ke7 h2 52. Ke8 h1=Q 53. Kf8 Qe6 54. Kxg7 Qhh6#) 48. Kd5 Qe7 (48... Qxh4 {is a self mate.} 49. Ke6 Qf6+ 50. Kd7 Kd4 51. Kc8 Qe7 52. Kb8 Kc5 53. Ka8 Kc6 54. Kb8 Qb7#) 49. Kc4 Qe5 (49... Qxh4+ 50. Kd5 Qf6 51. Kc5 Qe6 52. Kb4 Kd4 53. Ka4 Kc3 54. Ka5 g6 55. Ka4 Qa2#) 50. Kb3 Kd3 51. Kb4 Qb5+ 52. Ka3 Kc2 53. Ka2 Qb2#) 36. h3 Rxa2 37. Ke3 {[%emt 0:00:25] [#]} Rxe2+ $1 {[%emt 0:00:07] White did not feel at home in the position after the opening.   Weighted Error Value: White=1.09/Black=0.29 (precise) .  Loses game:     	White=1     	---        Mistake:       	White=1     	---        Inaccurate:     	White=1     	---        OK:         	White=5     	Black=7      Best:        	---       	Black=1      Strong:       	---       	Black=1} 0-1